 Dungeon Crawl Stone Soup version 0.19.0-2-gae57169 (webtiles) character file.

238 Banto the Slasher (level 5, -2/34 HPs)
             Began as a High Elf Skald on Nov 4, 2016.
             Killed by divine providence
             ... invoked by an orc priest
              (12 damage)
             ... on level 3 of the Dungeon.
             The game lasted 00:07:33 (3333 turns).

Banto the Slasher (High Elf Skald)                  Turns: 3333, Time: 00:07:34

Health: -2/34      AC:  4    Str: 11    XL:     5   Next: 78%
Magic:  18/18      EV: 14    Int: 16    God:
Gold:   102        SH:  0    Dex: 15    Spells: 2 memorised, 5 levels left

rFire  . . .     SeeInvis .     f - +1 dagger (venom)
rCold  . . .     Gourm    .     b - +0 leather armour
rNeg   . . .     Faith    .     (no shield)
rPois  .         Spirit   .     g - +0 helmet
rElec  .         Reflect  .     (no cloak)
rCorr  .         Harm     .     (no gloves)
MR     .....     Rnd*Tele +     (no boots)
Stlth  +.........               (no amulet)
                                o - ring of magical power
                                k - ring of teleportation (curse)

@: no status effects
A: no striking features
a: no special abilities


You were on level 3 of the Dungeon.
You were not hungry.

You visited 1 branch of the dungeon, and saw 3 of its levels.

You collected 102 gold pieces.

Inventory:

Hand Weapons
 a - a +0 falchion
 f - a +1 dagger of venom (weapon)
Missiles
 p - 4 silver javelins (quivered)
 s - 2 curare-tipped needles
Armour
 b - a +0 leather armour (worn)
 g - a +0 helmet (worn)
Jewellery
 k - a cursed ring of teleportation (left hand)
 o - a ring of magical power (right hand)
Scrolls
 e - a scroll of remove curse
 l - 3 scrolls of amnesia
 q - a scroll of teleportation
Potions
 h - 2 potions of agility {unknown}
 m - 2 potions of cancellation {unknown}
 n - 2 potions of might {unknown}
Books
 j - a book of Maledictions

   Spells                             Type                      Level
   a - Corona                         Hexes                        1
   b - Ensorcelled Hibernation        Hexes/Ice                    2
   c - Confuse                        Hexes                        3
   d - Tukima's Dance                 Hexes                        3
   e - Dazzling Spray                 Conjuration/Hexes            3
Comestibles
 c - a beef jerky
 d - 2 bread rations
 i - a meat ration
 r - 2 chunks of flesh


   Skills:
 - Level 2.0 Fighting
 + Level 5.0 Long Blades
 - Level 0.8 Armour
 + Level 5.0 Dodging
 - Level 2.4 Spellcasting
 - Level 3.6 Charms


You had 5 spell levels left.
You knew the following spells:

 Your Spells              Type           Power        Failure   Level  Hunger
a - Infusion              Chrm           ##..         8%          1    #......
b - Song of Slaying       Chrm           ##......     12%         2    ###....


Dungeon Overview and Level Annotations

Branches:
Dungeon (3/15)

Altars:
The Shining One


Message History

2 orcs and an orc priest come into view.
An orc is wielding a hand axe of electrocution.
The orc priest shouts!
The orc priest mumbles some strange prayers to Beogh against you.
Beogh smites you!
Found a scroll of teleportation.
You take 7 damage, and have 22/34 hp.
MASSIVE DAMAGE!!
A hobgoblin and an orc priest come into view.
Found a stone staircase leading up.
An orc comes into view.
The orc priest mumbles some strange prayers to Beogh against you.
Beogh smites you!
You take 12 damage, and have 11/34 hp.
MASSIVE DAMAGE!!
The hobgoblin shouts!
The orc shouts! x2
The hobgoblin hits you but does no damage.
The orc hits you with a hand axe.
* * * LOW HITPOINT WARNING * * *
The orc priest mumbles some strange prayers to Beogh against you.
Beogh smites you!
You die...

*,* ##...##≈≈≈≈≈≈≈≈≈§§≈...
*,* ##'#*#...≈≈≈≈≈≈≈≈≈≈.. *,*
#.*##....≈≈≈≈§§≈≈≈≈.
***>*#####.*#.....≈≈≈≈≈≈≈≈≈≈≈
*,,,,..<...##......≈≈≈≈.≈≈≈≈≈
*,*,,..............≈≈...≈≈≈≈.
*,**###..o...#......≈.....≈..
*,**.........#...............
*,,,......oo@#..#.####.#.###.
****,?.....g....o........# #.
**##...#######.######## #.
#...#######.# #.
#.....oo....# ##
#############


You could see 2 orc priests, 2 orcs and a hobgoblin.

Vanquished Creatures
  2 orc wizards (D:3)
  Robin (D:2)
  6 adders
  A worm (D:2)
  A dart slug (D:1)
  2 leopard geckos (D:1)
  12 orcs (D:3)
  A ball python (D:1)
  4 bats
  6 giant cockroaches
  13 goblins
  17 hobgoblins
  4 jackals (D:2)
  A quokka (D:2)
  2 frilled lizards (D:1)
  7 kobolds
  14 rats
94 creatures vanquished.

Notes
Turn   | Place    | Note
-------+----------+-------------------------------------------
     0 | D:1      | Banto the High Elf Skald began the quest for the Orb.
     0 | D:1      | Reached XP level 1. HP: 14/14 MP: 4/4
   127 | D:1      | Reached XP level 2. HP: 17/19 MP: 6/6
   687 | D:1      | Reached XP level 3. HP: 21/24 MP: 5/7
   962 | D:2      | Learned a level 2 spell: Song of Slaying
  1216 | D:2      | Reached XP level 4. HP: 17/29 MP: 8/8
  1734 | D:2      | Noticed Robin
  2135 | D:2      | Killed Robin
  2280 | D:2      | Reached XP level 5. HP: 29/34 MP: 9/9
  3096 | D:3      | Found a glowing golden altar of the Shining One.
  3139 | D:3      | Reached skill level 5 in Long Blades
  3147 | D:3      | Reached skill level 5 in Dodging
  3333 | D:3      | Killed from afar by an orc priest

Skill      XL: |  1  2  3  4  5 |
---------------+----------------+-----
Long Blades    | 3 4 5 |  5.0
Dodging        | 2 3 4 5 |  5.0
Fighting       | |  2.0
Armour         | |  0.8
Spellcasting   | |  2.4
Charms         | |  3.6

Action                   |  1- 3 |  4- 6 || total
-------------------------+-------+-------++-------
Melee: Falchion          |    52 |       ||    52
       Dagger            |    37 |   186 ||   223
 Cast: Infusion          |     5 |     7 ||    12
       Song of Slaying   |       |     2 ||     2
  Use: Scroll            |     2 |     3 ||     5
       Potion            |       |     1 ||     1
 Stab: Sleeping          |     1 |       ||     1
  Eat: Chunk             |     1 |     7 ||     8
Armor: Leather armour    |    16 |    31 ||    47
Dodge: Dodged            |    53 |    87 ||   140
       Rpst.: Falchion   |     8 |       ||     8

Table legend:
 A = Turns spent in this place as a percentage of turns spent in the entire game.
 B = Non-inter-level travel turns spent in this place as a percentage of non-inter-level travel turns spent in the entire game.
 C = Inter-level travel turns spent in this place as a percentage of turns spent in this place.
 D = Turns resting spent in this place as a percentage of non-inter-level travel turns spent in this place.
 E = Turns spent auto-exploring this place as a percentage of non-inter-level travel turns spent in this place.
 F = Non-inter-level travel turns spent in this place divided by the number of levels of this place that you've seen.
                   A       B       C       D       E      F
               +-------+-------+-------+-------+-------+----------------------
         Total | 100.0 | 100.0 |   0.3 |   4.4 |   8.6 | 325.0
       Dungeon | 100.0 | 100.0 |   0.3 |   4.4 |   8.6 | 325.0
               +-------+-------+-------+-------+-------+----------------------

Table legend:
 A = Kills in this place as a percentage of kills in entire the game.
 B = Kills by you in this place as a percentage of kills by you in the entire game.
 C = Kills by friends in this place as a percentage of kills by friends in the entire game.
 D = Other kills in this place as a percentage of other kills in the entire game.
 E = Experience gained in this place as a percentage of experience gained in the entire game.
 F = Experience gained in this place divided by the number of levels of this place that you have seen.
                   A       B       C       D       E      F
               +-------+-------+-------+-------+-------+----------------------
         Total | 100.0 | 100.0 |  -nan |  -nan | 100.0 | 113.3
       Dungeon | 100.0 | 100.0 |  -nan |  -nan | 100.0 | 113.3
               +-------+-------+-------+-------+-------+----------------------
